 Dungeon Crawl Stone Soup version 0.18.1-47-g9310371 (webtiles) character file.

2918 Vincendra the Basher (level 9, -19/71 HPs)
             Began as a Minotaur Fighter on June 21, 2016.
             Was a Priest of Okawaru.
             Demolished by a two-headed ogre
             ... wielding a +0 giant club
              (26 damage)
             ... while paralysed by something
             ... on level 8 of the Dungeon.
             The game lasted 00:13:46 (5909 turns).

Vincendra the Basher (Minotaur Fighter)             Turns: 5909, Time: 00:13:47

Health: -19/71     AC: 14    Str: 24    XL:     9   Next: 50%
Magic:  8/8        EV:  2    Int:  5    God:    Okawaru [***...]
Gold:   331        SH:  0    Dex: 10    Spells: 0 memorised, 8 levels left

rFire  . . .     SeeInvis .     g - +1 flail (protect)
rCold  . . .     Gourm    .     b - +0 scale mail
rNeg   . . .     Faith    .     c - +1 shield
rPois  .         Spirit   .     (helmet restricted)
rElec  .         Dismiss  .     (no cloak)
rCorr  +         Reflect  .     (no gloves)
SustAt .         Harm     .     w - +0 pair of boots
MR     .....                    (no amulet)
Stlth  ..........               (no ring)
                                v - ring of resist corrosion

@: paralysed, lethally poisoned (-19 -> -24), not resistant to hostile
enchantments, extremely unstealthy
A: retaliatory headbutt, horns 2
a: Heroism, Renounce Religion


You were on level 8 of the Dungeon.
You worshipped Okawaru.
Okawaru was most pleased with you.
You were not hungry.

You visited 1 branch of the dungeon, and saw 8 of its levels.

You collected 331 gold pieces.

Inventory:

Hand Weapons
 a - a +0 flail
 g - a +1 flail of protection (weapon)
 x - a +1 morningstar
Armour
 b - a +0 scale mail (worn)
 c - a +1 shield (worn)
 w - a +0 pair of boots (worn)
Jewellery
 v - a ring of resist corrosion (left hand)
 I - an uncursed ring of positive energy {unknown}
Wands
 t - a wand of flame (15/48)
 z - a wand of flame (17/48)
 E - a wand of lightning (5/15)
 H - a wand of confusion (30/48)
Scrolls
 k - 6 scrolls of identify
 m - a scroll of fear {unknown}
 q - a scroll of enchant weapon
 y - 3 scrolls of magic mapping
 A - 4 scrolls of remove curse
 B - 4 scrolls of blinking {unknown}
 D - a scroll of vulnerability {unknown}
 J - a scroll of teleportation
 K - a scroll of silence {unknown}
Potions
 d - a potion of might
 e - 2 potions of cancellation
 j - a potion of degeneration {unknown}
 l - 2 potions of curing {unknown}
 n - 3 potions of cure mutation {unknown}
 o - a potion of haste {unknown}
 p - 2 potions of berserk rage {unknown}
 r - a potion of resistance {unknown}
 s - 2 potions of agility {unknown}
 u - a potion of brilliance {unknown}
 F - 2 potions of invisibility {unknown}
 L - 2 potions of heal wounds {unknown}
Comestibles
 f - 3 bread rations
 h - 7 meat rations
 i - 2 fruits
 C - 3 slices of pizza


   Skills:
 - Level 3.9 Fighting
 - Level 11.1 Maces & Flails
 + Level 8.5 Armour
 + Level 9.1 Shields


You had 8 spell levels left.
You didn't know any spells.

Dungeon Overview and Level Annotations

Branches:
Dungeon (8/15)             Temple (0/1) D:7
   Lair: D:8-11

Altars:
Okawaru
Pakellas
Zin

Annotations:
D:8 Erolcha


Innate Abilities, Weirdness & Mutations

You reflexively headbutt those who attack you in melee.
You have a pair of horns on your head.


Message History

* * * LOW HITPOINT WARNING * * *
Something hits you.
* * * LOW HITPOINT WARNING * * *
You sock something! You headbutt something!
You block the two-headed ogre's attack.
The two-headed ogre hits you with a giant club.
* * * LOW HITPOINT WARNING * * *
You hear some strange, mumbled words.
You suddenly lose the ability to move!
The scorpion stings you but does no damage.
You hear a zap.
Some rock shatters into small pieces.
The scorpion stings you.
* * * LOW HITPOINT WARNING * * *
You are poisoned.
The scorpion poisons you!
You feel sick. The scorpion stings you.
* * * LOW HITPOINT WARNING * * *
The two-headed ogre hits you with a giant club!!
You die...

########.###.....#.# .....
#.........##.....#.# .....
#.........##.....#.# ....
#.........##.....#.# ...
#.........##........ ######.##
#........###.....### ........##
#.#.###### #.....# #
###......#####.......####.....###
.....?........{s@................
###...#...#..#..O..#.####........
#.........#......#.# ##.#.....
#....##...##.#...#.# #.###.##
....#. ##......#..#.# #.# #...
#### # ###..#####..#.# #.# #..#
#..... #..#.# .# #... #.##.#.
#..#.# #... #.##..####..#.#
#.####))


You could see a two-headed ogre and a scorpion.

Vanquished Creatures
  Pikel (D:5)
  A water moccasin (D:5)
  An ice beast (D:5)
  3 orc warriors
  A black bear (D:7)
  The ghost of Vincendra the Cudgeler, an amateur MiFi (D:4)
  5 ogres
  A phantom (D:6)
  3 centaurs
  Blork the orc (D:4)
  5 wights (D:7)
  4 hounds
  A gnoll shaman (D:7)
  2 orc priests (D:4)
  3 orc wizards
  Terence (D:3)
  Natasha (D:3)
  8 worker ants
  A hound zombie (D:6)
  3 gnolls (D:7)
  5 adders
  2 shadow imps
  2 oozes
  An adder zombie (D:7)
  An adder skeleton (D:4)
  2 worms
  3 giant geckos
  18 orcs
  A ball python (D:4)
  2 giant cockroaches
  8 hobgoblins
  22 jackals
  8 kobolds
  A quokka (D:6)
  7 bats
  3 giant newts
  6 goblins
  5 rats
144 creatures vanquished.

Vanquished Creatures (others)
  2 slaves
  A phantom (D:5)
  A giant frog (D:6)
  A hound skeleton (D:6)
  2 orcs (D:5)
  A giant newt (D:5)
8 creatures vanquished.

Grand Total: 152 creatures vanquished

Notes
Turn   | Place    | Note
--------------------------------------------------------------
     0 | D:1      | Vincendra the Minotaur Fighter began the quest for the Orb.
     0 | D:1      | Reached XP level 1. HP: 19/19 MP: 0/0
    82 | D:1      | Reached XP level 2. HP: 27/27 MP: 1/1
   186 | D:1      | Reached skill level 3 in Maces & Flails
   700 | D:2      | Reached XP level 3. HP: 33/33 MP: 2/2
  1043 | D:2      | Reached skill level 4 in Maces & Flails
  1234 | D:3      | Found an iron altar of Okawaru.
  1257 | D:3      | Became a worshipper of Warmaster Okawaru
  1373 | D:3      | Reached XP level 4. HP: 29/40 MP: 3/3
  1516 | D:3      | Reached skill level 5 in Maces & Flails
  1917 | D:3      | Noticed Natasha
  1923 | D:3      | Killed Natasha
  1923 | D:3      | Reached XP level 5. HP: 44/46 MP: 4/4
  1961 | D:3      | Reached skill level 6 in Maces & Flails
  2049 | D:3      | Noticed Terence
  2059 | D:3      | Killed Terence
  2237 | D:4      | Noticed an ogre
  2245 | D:4      | Killed an ogre
  2245 | D:4      | Reached * piety under Okawaru
  2245 | D:4      | Reached skill level 7 in Maces & Flails
  2245 | D:4      | Reached XP level 6. HP: 51/52 MP: 5/5
  2261 | D:4      | Noticed Vincendra's ghost (amateur MiFi)
  2273 | D:4      | Killed Vincendra's ghost
  2273 | D:4      | Reached skill level 8 in Maces & Flails
  2675 | D:4      | Noticed Blork the orc
  2685 | D:4      | Killed Blork the orc
  2685 | D:4      | Reached skill level 9 in Maces & Flails
  2685 | D:4      | Reached XP level 7. HP: 44/58 MP: 3/6
  3055 | D:5      | Entered Level 5 of the Dungeon
  3055 | D:5      | Noticed Pikel
  3067 | D:5      | Killed Pikel
  3067 | D:5      | Reached ** piety under Okawaru
  3067 | D:5      | Reached skill level 11 in Maces & Flails
  3067 | D:5      | Reached XP level 8. HP: 54/66 MP: 4/7
  3184 | D:5      | Reached skill level 5 in Shields
  3195 | D:5      | Reached *** piety under Okawaru
  3195 | D:5      | Reached skill level 5 in Armour
  3641 | D:6      | Found an oddly glowing altar of Pakellas.
  3856 | D:6      | Found a glowing silver altar of Zin.
  4760 | D:7      | Reached XP level 9. HP: 64/71 MP: 8/8
  4972 | D:7      | Found a staircase to the Ecumenical Temple.
  5879 | D:8      | Noticed Erolcha
  5880 | D:8      | Paralysed by Erolcha for 4 turns
  5906 | D:8      | Paralysed by something for 6 turns
  5909 | D:8      | Demolished by a two-headed ogre

Skill      XL: |  1  2  3  4  5  6  7  8  9 |
---------------+----------------------------+-----
Maces & Flails | 3 4 5 7 9 11 | 11.1
Armour         | 6 8 |  8.5
Shields        | 7 9 |  9.1
Fighting       | |  3.9

Action                   |  1- 3 |  4- 6 |  7- 9 || total
-------------------------+-------+-------+-------++-------
Melee: Flail             |   102 |    87 |   253 ||   442
       Headbutt          |    13 |    23 |    54 ||    90
       Morningstar       |       |    13 |       ||    13
Invok: Heroism           |       |     2 |     4 ||     6
  Use: Scroll            |       |     7 |     1 ||     8
  Eat: Chunk             |     2 |     4 |     6 ||    12
       Bread ration      |       |       |     1 ||     1
Armor: Scale mail        |    50 |    30 |   106 ||   186
Dodge: Dodged            |    44 |    24 |    87 ||   155
Block: Shield            |    56 |    39 |   149 ||   244
